 Dungeon Crawl Stone Soup version 0.28-a0-511-gcc94558de3 (webtiles) character file.

Game seed: 13135371045092753208

107 omnomnOMINOUS the Bolt Thrower (level 4, -1/30 HPs)
             Began as an Octopode Wanderer on Sept 21, 2021.
             Was a Believer of Lugonu.
             Slain by an adder (5 damage)
             ... on level 3 of the Dungeon.
             The game lasted 00:04:21 (3002 turns).

omnomnOMINOUS the Bolt Thrower (Octopode Wanderer)  Turns: 3002, Time: 00:04:22

Health: -1/30      AC:  1    Str: 12    XL:     4   Next: 85%
Magic:  6/6        EV: 13    Int: 14    God:    Lugonu [**....]
Gold:   58         SH:  0    Dex: 11    Spells: 3/6 levels left

rFire   . . .      SeeInvis .   a - +0 short sword (elec)
rCold   . . .      Faith    .   (no shield)
rNeg    . . .      Spirit   .   (helmet restricted)
rPois   +          Reflect  .   (no amulet)
rElec   .          Harm     .   l - ring of poison resistance
rCorr   .          Rampage  .   (no ring)
Will    .....                   (no ring)
Stlth   +++.......              (no ring)
HPRegen 0.10/turn               (no ring)
MPRegen 0.10/turn               (no ring)
                                (no ring)
                                (no ring)

@: mighty, lethally poisoned (-1 -> -8)
A: almost no armour, amphibious, 8 rings, camouflage 1, gelatinous body 1,
(nimble swimmer 1), tentacles
a: Renounce Religion, Depart the Abyss, Bend Space


You were on level 3 of the Dungeon.
You worshipped Lugonu.
Lugonu was pleased with you.
You visited 1 branch of the dungeon, and saw 3 of its levels.

You collected 58 gold pieces.

Inventory:

Hand Weapons
 a - a +0 short sword of electrocution (weapon)
 b - a +4 dagger
Jewellery
 l - a ring of poison resistance (left tentacle)
Scrolls
 c - 2 scrolls of identify {unknown}
 d - a scroll of vulnerability {unknown}
 e - a scroll of immolation {unknown}
 f - 2 scrolls of teleportation
 g - a scroll of fear {unknown}
Potions
 h - 2 potions of attraction
 j - a potion of mutation {unknown}
 k - a potion of degeneration {unknown}


   Skills:
 + Level 2.8 Fighting
 - Level 3.0 Crossbows
 - Level 1.0 Throwing
 + Level 2.7 Dodging
 - Level 1.3 Stealth
 + Level 1.7 Spellcasting
 - Level 1.0 Necromancy
 + Level 2.0 Translocations


You had 3 spell levels left.
You knew the following spells:

 Your Spells              Type           Power      Damage    Failure   Level
a - Freeze                Ice            4%         1d3       24%         1
b - Blink                 Tloc           N/A        N/A       16%         2

Your spell library contained the following spells:

 Spells                   Type           Power      Damage    Failure   Level
 Beastly Appendage        Tmut           2%         N/A       24%         1
 Gell's Gravitas          Tloc           3%         N/A       32%         3
 Lesser Beckoning         Tloc           6%         N/A       32%         3
 Teleport Other           Tloc           6%         N/A       32%         3
 Ensorcelled Hibernation  Hex/Ice        2%         N/A       36%         2
 Wereblood                Tmut           1%         N/A       36%         2
 Ozocubu's Armour         Ice            1%         N/A       58%         3
 Spider Form              Tmut/Pois      0%         N/A       58%         3
 Manifold Assault         Tloc           6%         N/A       96%         5


Dungeon Overview and Level Annotations

Branches:
Dungeon (3/15)

Altars:
Lugonu

Portals:
Sewer: D:3


Innate Abilities, Weirdness & Mutations

You cannot wear most types of armour.
You are amphibious.
You can wear up to eight rings at the same time.
Your skin changes colour to match your surroundings (Stealth+).
Your rubbery body absorbs attacks. (AC +1, EV +1)
((You are camouflaged near water. (Stealth+)))
You have tentacles for arms and can constrict up to eight enemies at once.


Message History

The giant cockroach waves its antennae.
The adder misses you.
You miss the adder. Your grab misses the adder. The adder misses you.
You hit the adder. Your grab misses the adder.
The adder is moderately wounded.
The adder barely misses you. x2
You barely miss the adder. Your grab misses the adder.
The adder is moderately wounded.
The adder bites you.
You closely miss the adder. You grab the adder.
The adder is moderately wounded.
You constrict the adder. The adder bites you. The adder barely misses you.
You hit the adder.
The adder is severely wounded.
You constrict the adder. The adder closely misses you.
You hit the adder.
You kill the adder!
Lugonu accepts your kill. The adder bites you.
Your Translocations skill increases to level 2!
You miss the adder. Your grab misses the adder. The adder bites you.
You are poisoned.
The adder poisons you!
You miss the adder. Your grab misses the adder.
You feel sick. The adder bites you.
You are more poisoned.
The adder poisons you! The adder bites you.
You are too injured to fight recklessly!
You are too injured to fight recklessly!
It was a potion of might.
You feel very mighty all of a sudden.
You feel very sick. The adder bites you.
* * * LOW HITPOINT WARNING * * *
You hit the adder. Lightning courses through the adder!
Your grab misses the adder. Your squeeze misses the adder.
The adder is almost dead.
* * * LOW HITPOINT WARNING * * *
You feel sick. The adder bites you.
You die...

##.##.# #.# ###.##.# #.#
#..#.#.# ## #.# #.#.##.# .##
#.# #.#.##.# .. #.#
#......###### .## #.#
#.#.##.# ....## ##.###.#
#.#.##.##.##..###..#...#
#.#)......##.BKS@......#
#.####.#####.B#######.#......
.......# ##.#≈≈≈≈≈#.#.#####
.......# #.'≈≈∩≈≈#.#.#
..####.# #.#≈≈≈≈≈#.#.#
....##.# #..#######.#.#
.##.##.# #............#
.......# #..(########.
###.#### #...#


You could see an adder, 2 giant cockroaches and a kobold.

Vanquished Creatures
  5 adders
  A gnoll (D:1)
  A worm (D:3)
  4 endoplasms
  3 giant cockroaches
  8 goblins
  4 hobgoblins (D:1)
  6 kobolds
  A quokka (D:1)
  5 ball pythons
  4 bats
  A frilled lizard (D:2)
  10 rats
53 creatures vanquished.

Notes
Turn   | Place    | Note
-------+----------+-------------------------------------------
     0 | D:1      | omnomnOMINOUS the Octopode Wanderer began the quest for the
                  | Orb.
     0 | D:1      | omnomnOMINOUS set off with the following items: a +0 club,
                  | a scroll of teleportation; and the following spell
                  | memorised: Freeze; and the following spells available to
                  | memorise: Blink, Gell's Gravitas, Lesser Beckoning,
                  | Teleport Other, Ozocubu's Armour, Manifold Assault
     0 | D:1      | Reached XP level 1. HP: 14/14 MP: 2/2
   195 | D:1      | Reached skill level 1 in Dodging
   199 | D:1      | Reached XP level 2. HP: 4/19 MP: 3/3
   215 | D:1      | Learned a level 2 spell: Blink
   809 | D:1      | Reached XP level 3. HP: 14/24 MP: 4/4
  1040 | D:1      | You fall into a shaft and drop 1 floor!
  1188 | D:2      | Found a faded altar of an unknown god.
  1196 | D:2      | Became a worshipper of Lugonu the Unformed
  1196 | D:2      | Reached * piety under Lugonu
  1196 | D:2      | Reached ** piety under Lugonu
  1785 | D:1      | Reached XP level 4. HP: 17/30 MP: 6/6
  2149 | D:2      | HP: 1/30 [poisoned by an adder]
  2972 | D:3      | Found a glowing drain.
  3002 | D:3      | Slain by an adder

Illustrated notes

Levels and vault maps discovered:
D:1:      ebering_hopf_link, layout_basic
D:2:      layout_basic, hellmonk_ecumenical_altar_prayer_group,
          minmay_misc_feat_x
D:3:      layout_loops_cross, chequers_temple_overflow_minitemple,
          hellmonk_ghost_happy_afterlife, gup_sewer_entry_glass,
          grunt_ministairs_1

Skill      XL: |  1  2  3  4 |
---------------+-------------+-----
Dodging        | 1 2 |  2.7
Translocations | 2 |  2.0
Fighting       | |  2.8
Crossbows      | |  3.0
Throwing       | |  1.0
Stealth        | |  1.3
Spellcasting   | |  1.7
Necromancy     | |  1.0

Action                   |  1- 3 |  4- 6 || total
-------------------------+-------+-------++-------
Melee: Club              |    23 |       ||    23
       Constrict         |    22 |     3 ||    25
       Tentacles         |     8 |     2 ||    10
       Quarterstaff      |    24 |       ||    24
       Dagger            |    34 |    19 ||    53
       Short sword       |       |    18 ||    18
  Use: Potion            |       |     3 ||     3
 Stab: Sleeping          |     8 |     5 ||    13
       Distracted        |     1 |       ||     1
Armor: Skin              |     7 |     2 ||     9
Dodge: Dodged            |    47 |    18 ||    65

Table legend: (Time is in decaauts)
 A = Elapsed time spent in this place.
 B = Non-inter-level travel time spent in this place.
 C = Inter-level travel time spent in this place.
 D = Time resting spent in this place.
 E = Time spent auto-exploring this place.
 F = Levels seen in this place.
 G = Mean time per level.
                   A        B        C        D        E       F      G
               +--------+--------+--------+--------+--------+-----+--------+
         Total |   3016 |   2966 |     50 |    907 |   1671 |   3 | 1005.3 |
       Dungeon |   3016 |   2966 |     50 |    907 |   1671 |   3 | 1005.3 |
               +--------+--------+--------+--------+--------+-----+--------+

Top non-repeatable levels by time:
     D:1: 1571 daAuts
     D:2: 1214 daAuts
     D:3: 230 daAuts
